 Dungeon Crawl Stone Soup version 0.21.1-1-g345015f (webtiles) character file.

142 johnjohn the Chopper (level 5, -7/79 HPs)
             Began as a Troll Berserker on June 6, 2018.
             Was a Believer of Trog.
             Mangled by a gnoll
             ... wielding a cursed -1 spear
              (8 damage)
             ... on level 2 of the Dungeon.
             The game lasted 00:04:34 (1674 turns).

johnjohn the Chopper (Troll Berserker)              Turns: 1674, Time: 00:04:35

Health: -7/79      AC:  5    Str: 30    XL:     5   Next: 3%
Magic:  4/4        EV: 10    Int:  3    God:    Trog [**....]
Gold:   83         SH:  0    Dex: 10    Spells: 4/4 levels left

rFire    . . .     SeeInvis .   a - +0 hand axe
rCold    . . .     Gourm    +   (no shield)
rNeg     . . .     Faith    .   b - +0 animal skin
rPois    .         Spirit   .   (helmet restricted)
rElec    .         Reflect  .   (no cloak)
rCorr    .         Harm     .   (gloves unavailable)
MR       .....                  (boots unavailable)
Stlth    ..........             (no amulet)
HPRegen  0.63/turn              (no ring)
MPRegen  0.09/turn              (no ring)

@: berserking, lethally poisoned (-7 -> -9), very quick
A: large, unfitting armour, claws 3, fast metabolism 3, gourmand, regeneration
1, shaggy fur 1, tough skin 2
a: Berserk, Trog's Hand, Burn Spellbooks, Renounce Religion


You were on level 2 of the Dungeon.
You worshipped Trog.
Trog was pleased with you.
You were not hungry.

You visited 1 branch of the dungeon, and saw 2 of its levels.

You collected 83 gold pieces.

Inventory:

Hand Weapons
 a - a +0 hand axe (weapon)
 m - a +0 hand axe
Armour
 b - a +0 animal skin (worn)
Jewellery
 n - a cursed ring of teleportation {unknown}
Scrolls
 f - 6 scrolls of remove curse {unknown}
 i - a scroll of fear {unknown}
 j - 2 scrolls of identify {unknown}
 l - a scroll of immolation {unknown}
 o - a scroll of teleportation {unknown}
Potions
 d - a potion of mutation {unknown}
 e - a potion of flight {unknown}
 g - a potion of agility {unknown}
 h - a potion of lignification {unknown}
 k - a potion of haste {unknown}
 p - a potion of might {unknown}
 q - a potion of curing {unknown}
Comestibles
 c - 9 rations


   Skills:
 + Level 3.1 Fighting
 + Level 3.5 Axes
 + Level 3.3 Dodging
 + Level 0.2 Stealth


You had 4 spell levels left.
You didn't know any spells.

Dungeon Overview and Level Annotations

Branches:
Dungeon (2/15)

Altars:


Innate Abilities, Weirdness & Mutations

You are too large for most types of armour.
You have claws for hands.
Your metabolism is lightning-fast.
You like to eat raw meat.
Your natural rate of healing is unusually fast.
You are covered in fur. (AC +1)
You have very tough skin. (AC +2)


Message History

The adder is lightly wounded.
You feel sick. The adder bites you.
* * * LOW HITPOINT WARNING * * *
You are more poisoned.
The adder poisons you!
The gnoll hits you from afar with an enchanted spear!
* * * LOW HITPOINT WARNING * * *
The gnoll hits you from afar with a spear!
* * * LOW HITPOINT WARNING * * *
You miss the adder.
The adder is lightly wounded.
* * * LOW HITPOINT WARNING * * *
You feel sick. The adder barely misses you.
Unknown command.
You closely miss the adder.
The adder is lightly wounded.
* * * LOW HITPOINT WARNING * * *
You feel sick. The adder bites you but does no damage.
The gnoll hits you from afar with an enchanted spear!
You die...

##.♣♣..P.#### ##....P.PP.).#
#....♣♣♣.P...## # #...♣ ♣♣PP...#
.# #### ...♣♣ ♣PP.#.# ..# #...
..PP♣♣♣♣♣...#.# ...# #...
.#.P..♣♣....#.#####....# #...
###.P.PP....#.#......... #...
.>##..P..#..#.#.@†g..... #...
..##........#...S#g#.... #...
..#########.###...<... . ##'#
.......####...<..#.#... ####.#
........................ +.....
..####.########......... ####.#
..# #..# ####..##.. #.# ..#
##.#### #..# #..
#######....#######..#############


You could see 2 gnolls and an adder.

Vanquished Creatures
  Jessica (D:2)
  A gnoll (D:2)
  5 adders (D:2)
  2 oozes
  An adder skeleton (D:2)
  A dart slug (D:1)
  4 giant cockroaches
  6 goblins
  4 hobgoblins
  5 jackals (D:1)
  A ball python (D:2)
  4 bats (D:1)
  3 frilled lizards
  5 kobolds
  7 rats
50 creatures vanquished.

Vanquished Creatures (others)
  A plant (D:2)
1 creature vanquished.

Grand Total: 51 creatures vanquished

Notes
Turn   | Place    | Note
-------+----------+-------------------------------------------
     0 | D:1      | johnjohn the Troll Berserker began the quest for the Orb.
     0 | D:1      | Reached XP level 1. HP: 22/22 MP: 0/0
   237 | D:1      | Reached XP level 2. HP: 28/29 MP: 1/1
   536 | D:1      | Reached ** piety under Trog
   573 | D:1      | Reached XP level 3. HP: 36/36 MP: 2/2
  1386 | D:2      | Reached XP level 4. HP: 45/45 MP: 3/3
  1537 | D:2      | Noticed Jessica
  1546 | D:2      | Killed Jessica
  1671 | D:2      | Reached XP level 5. HP: 19/53 MP: 4/4
  1672 | D:2      | HP: 3/79 [gnoll/spear (8)]
  1674 | D:2      | HP: 1/79 [poisoned by an adder]
  1674 | D:2      | Mangled by a gnoll

Skill      XL: |  1  2  3 |
---------------+----------+-----
Fighting       | 3 |  3.1
Axes           | 3 |  3.5
Dodging        | 3 |  3.3
Stealth        | |  0.2

Action                   |  1- 3 |  4- 6 || total
-------------------------+-------+-------++-------
Melee: Hand axe          |   127 |    44 ||   171
Invok: Berserk           |     2 |     2 ||     4
  Eat: Chunk             |    11 |     7 ||    18
Armor: Animal skin       |    49 |    16 ||    65
Dodge: Dodged            |    80 |    39 ||   119
